 Dungeon Crawl Stone Soup version 0.17.1-3-g152610e (webtiles) character file.

3763 Peloso the Blocker (level 9, -10/81 HPs)
             Began as a Minotaur Fighter on Feb 28, 2016.
             Was a Priest of Okawaru.
             Killed from afar by an electric eel (12 damage)
             ... with a bolt of electricity
             ... on level 8 of the Dungeon.
             The game lasted 00:19:37 (5862 turns).

Peloso the Blocker (Minotaur Fighter)               Turns: 5862, Time: 00:19:38

Health: -10/81     AC: 15    Str: 26    XL:     9   Next: 94%
Magic:  0/8        EV:  6    Int:  5    God:    Okawaru [***...]
Gold:   440        SH: 19    Dex: 12    Spells: 0 memorised, 8 levels left

rFire  . . .     SeeInvis .     S - +2 scimitar (freeze)
rCold  . . .     Clarity  .     o - +0 plate armour
rNeg   . . .     SustAt   .     p - +0 large shield
rPois  .         Gourm    .     (helmet restricted)
rElec  .         Spirit   +     w - +0 cloak
rCorr  .         Warding  .     (no gloves)
rMut   .         Stasis   .     (no boots)
MR     .....                    R - amulet of guardian spirit
Stlth  ..........               G - +4 ring of strength
                                x - ring of flight

@: about to teleport, not resistant to hostile enchantments, extremely
unstealthy
A: retaliatory headbutt, horns 2
a: Heroism, Renounce Religion, Evoke Flight


You were on level 8 of the Dungeon.
You worshipped Okawaru.
Okawaru was most pleased with you.
You were not hungry.

You visited 2 branches of the dungeon, and saw 9 of its levels.

You collected 440 gold pieces.

Inventory:

Hand Weapons
 a - a +0 long sword
 S - a +2 scimitar of freezing (weapon)
 T - a +2 long sword
Armour
 b - a +0 scale mail
 c - a +0 shield
 o - a +0 plate armour (worn)
 p - a +0 large shield (worn)
 w - a +0 cloak (worn)
Jewellery
 x - a ring of flight (left hand)
 A - an uncursed amulet of regeneration
 B - an uncursed amulet of warding
 G - a +4 ring of strength (right hand)
 P - an uncursed amulet of rage
 R - an amulet of guardian spirit (around neck)
Wands
 I - a wand of flame (21)
 K - a wand of enslavement (2)
 M - a wand of magic darts (16)
Scrolls
 d - a scroll of enchant weapon
 h - 2 scrolls of teleportation
 j - a scroll of fog
 l - 10 scrolls of identify
 n - 5 scrolls of remove curse
 r - 3 scrolls of immolation {unknown}
 t - a scroll of noise {unknown}
 u - 5 scrolls of magic mapping {unknown}
 v - a scroll of random uselessness {unknown}
 y - 3 scrolls of enchant armour {unknown}
 H - 3 scrolls of blinking {unknown}
Potions
 f - 2 potions of lignification {unknown}
 m - 2 potions of flight {unknown}
 s - 3 potions of curing
 z - 2 potions of heal wounds {unknown}
 C - 4 potions of resistance {unknown}
 E - a potion of brilliance {unknown}
 F - 2 potions of poison {unknown}
 J - 2 potions of ambrosia {unknown}
 L - 2 potions of degeneration {unknown}
 N - a potion of cure mutation {unknown}
 O - 2 potions of invisibility {unknown}
Books
 k - a book of the Dragon

   Spells                             Type                      Level
   a - Flame Tongue                   Conjuration/Fire             1
   b - Cause Fear                     Hexes                        4
   c - Bolt of Fire                   Conjuration/Fire             6
   d - Dragon Form                    Transmutation                7
   e - Dragon's Call                  Summoning                    9
Comestibles
 e - 8 bread rations
 g - 3 meat rations
 i - a royal jelly
 q - 2 slices of pizza
 D - a beef jerky
 Q - a chunk of flesh


   Skills:
 + Level 7.8 Fighting
 + Level 8.1 Long Blades
 + Level 8.3 Armour
 + Level 3.3 Dodging
 + Level 0.8 Stealth
 + Level 11.0 Shields


You had 8 spell levels left.
You didn't know any spells.

Dungeon Overview and Level Annotations

Branches:
Dungeon (8/15)             Temple (1/1) D:4
   Lair: D:8-11

Altars:
Ashenzari
Cheibriados
Dithmenos
Elyvilon
Fedhas
Gozag
Kikubaaqudgha
Makhleb
Nemelex Xobeh
Okawaru
Qazlal
Ru
Sif Muna
Trog
Vehumet
Xom
Yredelemnul
Zin
The Shining One


Innate Abilities, Weirdness & Mutations

You reflexively headbutt those who attack you in melee.
You have a pair of horns on your head.


Message History

* * * LOW HITPOINT WARNING * * *
Drink which item? (? for menu, Esc to quit)
You feel better.
The electric eel shoots out a bolt of lightning at you!
The bolt of electricity hits you!
* * * LOW HITPOINT WARNING * * *
The electric eel shoots out a bolt of lightning at you!
The bolt of electricity hits the electric eel.
The electric eel completely resists.
The bolt of electricity hits you!
* * * LOW HITPOINT WARNING * * *
Read which item? (? for menu, Esc to quit)
As you read the scroll of teleportation, it crumbles to dust.
You feel strangely unstable.
The electric eel shoots out a bolt of lightning at you!
The bolt of electricity hits you!
* * * LOW HITPOINT WARNING * * *
The electric eel shoots out a bolt of lightning at you!
The bolt of electricity misses the electric eel.
The bolt of electricity hits you!
You die...

#.######################
.......(.)[)...÷......>.
#.####.######...$...≈≈≈
#.# #.@≈....≈[≈ #.#
#....≈..≈≈≈ #.#
#...;≈;≈≈≈≈ #.#
#...≈.≈≈≈≈≈ #.#
#.÷.(≈≈≈≈(≈ . #.#
##.≈≈[≈;≈≈. ..#.#
#...≈≈≈≈.. #.#.#
#./≈≈.≈≈≈. #.#.#
#....≈≈≈..


You could see 3 electric eels.

Vanquished Creatures
  Pikel (D:8)
  The ghost of zigs the Shield-Bearer, a novice FoFi (D:5)
  A troll (D:8)
  Sigmund (D:5)
  The ghost of SirMumm the Magician, an amateur DEWz (D:4)
  3 wolves (D:8)
  A hippogriff (D:8)
  Edmund (D:5)
  2 necrophages (D:7)
  A wasp (D:8)
  The ghost of urm the Vexing, an amateur HuAM (D:3)
  A big kobold (D:8)
  A scorpion (D:4)
  8 wights
  A quasit (D:8)
  A jelly (D:5)
  Crazy Yiuf (D:2)
  6 orc priests
  Ijyb (D:2)
  7 orc wizards
  5 hounds
  An iguana (D:4)
  4 worker ants
  10 adders
  10 gnolls
  A shadow imp (D:6)
  An ooze (D:2)
  2 adder skeletons (D:4)
  An adder zombie (D:7)
  5 worms
  3 giant geckos
  24 orcs
  3 ball pythons
  7 giant cockroaches
  6 goblins
  3 hobgoblins
  5 jackals
  12 kobolds
  7 quokkas
  10 bats
  A giant gecko skeleton (D:7)
  4 giant newts
  10 rats
  A fungus (D:2)
177 creatures vanquished.

Vanquished Creatures (others)
  2 slaves (D:8)
  An electric eel (D:8)
3 creatures vanquished.

Grand Total: 180 creatures vanquished

Notes
Turn   | Place    | Note
--------------------------------------------------------------
     0 | D:1      | Peloso the Minotaur Fighter began the quest for the Orb.
     0 | D:1      | Reached XP level 1. HP: 19/19 MP: 0/0
   293 | D:1      | Reached XP level 2. HP: 25/27 MP: 1/1
   614 | D:1      | Reached skill level 4 in Fighting
  1004 | D:2      | Reached XP level 3. HP: 29/33 MP: 2/2
  1035 | D:2      | Reached skill level 1 in Dodging
  1081 | D:2      | Noticed Ijyb
  1105 | D:2      | Killed Ijyb
  1105 | D:2      | Reached XP level 4. HP: 41/41 MP: 3/3
  1403 | D:2      | Noticed Crazy Yiuf
  1541 | D:2      | Killed Crazy Yiuf
  1659 | D:3      | Reached XP level 5. HP: 44/47 MP: 4/4
  1863 | D:3      | Noticed urm's ghost (amateur HuAM)
  1876 | D:3      | Killed urm's ghost
  1876 | D:3      | Reached skill level 5 in Armour
  1876 | D:3      | Reached skill level 5 in Shields
  1990 | D:3      | Reached XP level 6. HP: 55/55 MP: 5/5
  2360 | D:4      | Reached skill level 5 in Fighting
  2387 | D:4      | Reached skill level 6 in Shields
  2404 | D:4      | Found a staircase to the Ecumenical Temple.
  2427 | Temple   | Entered the Ecumenical Temple
  2652 | Temple   | Became a worshipper of Warmaster Okawaru
  2678 | D:4      | Noticed an angel
  2678 | D:4      | Found a glowing silver altar of Zin.
  2679 | D:4      | Found a shimmering altar of Xom.
  2971 | D:4      | Noticed SirMumm's ghost (amateur DEWz)
  3007 | D:4      | Killed SirMumm's ghost
  3007 | D:4      | Reached XP level 7. HP: 59/61 MP: 6/6
  3162 | D:5      | Entered Level 5 of the Dungeon
  3249 | D:5      | Noticed zigs's ghost (novice FoFi)
  3274 | D:5      | Killed zigs's ghost
  3274 | D:5      | Reached * piety under Okawaru
  3274 | D:5      | Reached skill level 5 in Long Blades
  3274 | D:5      | Reached skill level 7 in Shields
  3355 | D:5      | Reached XP level 8. HP: 69/69 MP: 7/7
  3478 | D:5      | Noticed Edmund
  3495 | D:5      | Killed Edmund
  3495 | D:5      | Reached skill level 8 in Shields
  3522 | D:5      | Noticed Sigmund
  3532 | D:5      | Killed Sigmund
  4166 | D:6      | Found a bloodstained altar of Trog.
  4167 | D:6      | Found a white marble altar of Elyvilon.
  4622 | D:7      | Found a shadowy altar of Dithmenos.
  4733 | D:7      | Reached skill level 9 in Shields
  4847 | D:7      | Found a shimmering altar of Xom.
  5053 | D:7      | Reached XP level 9. HP: 78/78 MP: 8/8
  5248 | D:8      | Reached ** piety under Okawaru
  5334 | D:8      | Reached skill level 10 in Shields
  5646 | D:8      | Noticed Pikel
  5663 | D:8      | Killed Pikel
  5663 | D:8      | Reached *** piety under Okawaru
  5663 | D:8      | Reached skill level 11 in Shields
  5862 | D:8      | HP: 2/81 [electric eel/bolt of electricity (5)]
  5862 | D:8      | Killed from afar by an electric eel

Action                   |  1- 3 |  4- 6 |  7- 9 || total
-------------------------+-------+-------+-------++-------
Melee: Long sword        |   102 |   195 |   227 ||   524
       Scimitar          |       |       |   164 ||   164
  Use: Potion            |       |     1 |     1 ||     2
       Scroll            |       |       |     7 ||     7
  Eat: Chunk             |     1 |     5 |    11 ||    17
       Beef jerky        |       |       |     1 ||     1
